Match 46776358
Unlisted

Match 46776358
End
Kradschützen Motorcycle Team
Selects Battlefield Espionage Battlegroup
Panzerpioneer Squad
Panzerpioneer Squad
Panzerpioneer Squad
Construct Light Support Kompanie
2.5-tonne Medical Truck
Selects Intel Disruption Beacon
Fire Support Elements
Veteran Squad Leaders
Assault Mechanized Group
Flakvierling Half-track
Selects Plunder
Selects Plunder
Panzerjäger Squad
Demi
Ashur
Stana
aSIIDemolitionHammer
0
0

Comments sign in to comment!

No comments posted yet!